 Dungeon Crawl Stone Soup version 0.19.0-24-gb05acd6 (webtiles) character file.

76 equalderp2856 the Scratcher (level 4, -2/21 HPs)
             Began as a Felid Fighter on Nov 21, 2016.
             Killed from afar by an orc wizard (6 damage)
             ... with a magic dart
             ... on level 4 of the Dungeon.
             The game lasted 00:13:08 (3508 turns).

equalderp2856 the Scratcher (Felid Fighter)         Turns: 3508, Time: 00:13:09

Health: -2/21      AC:  1    Str: 13    XL:     4   Next: 12%
Magic:  5/5        EV: 20    Int:  9    God:
Gold:   141        SH:  0    Dex: 15    Spells: 0 memorised, 3 levels left
                                        Lives:  0   Deaths: 1

rFire  + . .     SeeInvis +       - Unarmed
rCold  x . .     Gourm    +     (armour unavailable)
rNeg   . . .     Faith    .     (shield unavailable)
rPois  .         Spirit   .     (helmet unavailable)
rElec  .         Reflect  .     (cloak unavailable)
rCorr  .         Harm     .     (gloves unavailable)
MR     .....                    (boots unavailable)
Stlth  +++.......               e - amulet of the gourmand
                                (no ring)
                                h - ring of fire

@: quick
A: no armour, no weapons or thrown items, stealth, claws 1, fangs 3, see
invisible, carnivore 3, speed 1, shaggy fur 1, slow metabolism 1, sharp paws
a: no special abilities


You were on level 4 of the Dungeon.
You were not hungry.

You visited 1 branch of the dungeon, and saw 4 of its levels.

You collected 141 gold pieces.

Inventory:

Missiles
 p - 72 arrows
 q - 13 poisoned needles
 r - 7 bolts
Jewellery
 e - an amulet of the gourmand (around neck)
 h - a ring of fire (left paw)
Wands
 j - a wand of random effects (32/48)
 s - a wand of lightning (7/15)
Scrolls
 c - 3 scrolls of teleportation {unknown}
 d - 5 scrolls of identify {unknown}
 l - a scroll of enchant armour {unknown}
 m - a scroll of magic mapping {unknown}
 o - a scroll of blinking {unknown}
 u - a scroll of remove curse {unknown}
Potions
 a - a potion of might
 f - a potion of curing {unknown}
 g - 2 potions of agility {unknown}
 k - a potion of lignification {unknown}
 n - a potion of beneficial mutation {unknown}
 t - a potion of cancellation {unknown}
 w - a potion of resistance {unknown}
Comestibles
 b - 3 meat rations
 i - 2 bread rations


   Skills:
 + Level 3.2 Fighting
 + Level 4.9 Dodging
 + Level 2.8 Stealth
 + Level 5.2 Unarmed Combat


You had 3 spell levels left.
You didn't know any spells.

Dungeon Overview and Level Annotations

Branches:
Dungeon (4/15)
 Temple: D:4-7

Altars:
Fedhas

Annotations:
D:3 Jessica, Robin, Terence


Innate Abilities, Weirdness & Mutations

You cannot wear armour.
You are incapable of wielding weapons or throwing items.
Your paws allow you to move quietly. (Stealth)
You have sharp claws.
You have razor-sharp teeth.
You have supernaturally acute eyesight. (SInv)
You are carnivorous and can eat meat at any time.
You cover ground quickly.
You are covered in fur. (AC +1)
You have a slow metabolism.
Your sharp claws are effective at attacking unaware monsters.


Message History

You hear a shout!
The orc wizard gestures wildly while chanting.
The orc wizard blinks!
The orc wizard gestures wildly while chanting.
The orc wizard blinks!
The orc wizard casts a spell.
The orc wizard seems to speed up.
You scratch the orc wizard.
The orc wizard is moderately wounded.
The orc wizard hits you with a dagger.
* * * LOW HITPOINT WARNING * * *
You scratch the orc wizard.
The orc wizard is severely wounded.
The orc wizard hits you with a dagger.
* * * LOW HITPOINT WARNING * * *
You miss the orc wizard.
The orc wizard is severely wounded.
The orc wizard points at you and mumbles some strange words.
The magic dart hits you!
You die...

#...........##..#
#.........####..#
##........## ##.#
##..##....# #.##
### ##...## #..#
#....###..#
##....###o##
##...###o.#
#....##@.#
##.......###
##.........#
##......###...#
#.....### ###..
#....## # ##..##
##..## ##..##


You could see an orc wizard and an orc.

Vanquished Creatures
  A howler monkey (D:4)
  An orc priest (D:4)
  2 worms (D:2)
  3 orcs
  A giant cockroach (D:3)
  5 goblins
  7 hobgoblins
  8 jackals (D:2)
  4 bats
  2 frilled lizards
  11 kobolds
  4 rats
49 creatures vanquished.

Notes
Turn   | Place    | Note
-------+----------+-------------------------------------------
     0 | D:1      | equalderp2856 the Felid Fighter began the quest for the Orb.
     0 | D:1      | Reached XP level 1. HP: 10/10 MP: 2/2
   535 | D:1      | Reached XP level 2. HP: 14/14 MP: 3/3
  1149 | D:2      | Reached skill level 1 in Stealth
  1538 | D:2      | Found a blossoming altar of Fedhas.
  1590 | D:2      | Reached XP level 3. HP: 17/17 MP: 4/4
  2307 | D:3      | Noticed Jessica
  2701 | D:3      | Found a faded altar of an unknown god.
  3109 | D:3      | Noticed Terence
  3195 | D:3      | Noticed Robin
  3224 | D:4      | Reached skill level 5 in Unarmed Combat
  3224 | D:4      | Reached XP level 4. HP: 9/21 MP: 5/5
  3451 | D:4      | HP: 1/21 [orc wizard/magic dart (6)]
  3464 | D:4      | Killed from afar by an orc wizard
  3465 | D:4      | Reached XP level 3. HP: -7/17 MP: 4/4
  3490 | D:4      | Reached XP level 4. HP: 7/21 MP: 5/5
  3508 | D:4      | Killed from afar by an orc wizard

Skill      XL: |  1  2  3  4 |
---------------+-------------+-----
Stealth        | 1 2 |  2.8
Unarmed Combat | 5 |  5.2
Fighting       | |  3.2
Dodging        | |  4.9

Action                   |  1- 3 |  4- 6 || total
-------------------------+-------+-------++-------
Melee: Unarmed           |   136 |     8 ||   144
       Bite              |    16 |     1 ||    17
       Punch             |     1 |       ||     1
 Stab: Sleeping          |     6 |       ||     6
  Eat: Chunk             |    11 |       ||    11
Armor: Skin              |     7 |       ||     7
Dodge: Dodged            |   112 |     4 ||   116
